 Dungeon Crawl Stone Soup version 0.26-a0-117-g2bcdb00447 (webtiles) character file.

Game seed: 6488193730579520625

527572 Hastur the Bringer of Light (level 27, -3/201 HPs)
             Began as a Formicid Monk on June 28, 2020.
             Was the Champion of the Shining One.
             Killed from afar by a titan (15 damage)
             ... with a bolt of lightning
             ... on level 5 of the Vaults.
             The game lasted 03:14:47 (76738 turns).

Hastur the Bringer of Light (Formicid Monk)        Turns: 76738, Time: 03:14:47

Health: -3/201     AC: 42    Str: 27    XL:     27
Magic:  23/40      EV: 13    Int: 10    God:    the Shining One [******]
Gold:   1356       SH: 44    Dex: 13    Spells: 26/26 levels left

rFire    + + .     SeeInvis +   b - +3 executioner's axe (flame)
rCold    + + +     Faith    .   g - +2 tower shield
rNeg     + + +     Spirit   .   S - +9 scales of the Dragon King {rPois rF+ rC+ MR+}
rPois    +         Reflect  +   (helmet unavailable)
rElec    +         Harm     .   F - +2 cloak {rC+}
rCorr    +         NoCast   +   P - +1 pair of gloves of a Billion Bounties {-Cast rF+ SInv Stlth+}
MR       +++..                  w - +2 pair of boots of the Hidden Vale {rElec rN+ Int-4}
Stlth    ..........             h - amulet of reflection
HPRegen  0.00/turn              K - ring "Asirgh" {rElec rC+ rN++}
MPRegen  0.27/turn              E - ring of the Clam {rCorr Int+2}

@: divine shield, glowing
A: permanent stasis, dig shafts and tunnels, four strong arms, antennae 3, frail
1, inhibited regeneration
}: 2/15 runes: barnacled, gossamer
a: Dig, Shaft Self, Divine Shield, Cleansing Flame, Summon Divine Warrior, Brand
Weapon With Holy Wrath, Renounce Religion


You were on level 5 of the Vaults.
You worshipped the Shining One.
The Shining One was exalted by your worship.
You were very hungry.

You visited 9 branches of the dungeon, and saw 45 of its levels.
You visited the Abyss 1 time.
You visited 1 bazaar.
You also visited: Sewer, Ice Cave and Desolation.

You collected 5704 gold pieces.
You spent 4348 gold pieces at shops.

Inventory:

Hand Weapons
 b - a +3 executioner's axe of flaming (weapon)
 n - a +2 battleaxe of freezing
Missiles
 q - 2 throwing nets (quivered)
 y - 7 silver boomerangs
 T - 98 boomerangs
 V - 41 javelins
 Y - 32 silver javelins
Armour
 g - a +2 tower shield (worn)
 w - the +2 pair of boots of the Hidden Vale (worn) {rElec rN+ Int-4}
   (You bought it in a shop on level 2 of the Orcish Mines)

   It affects your intelligence (-4).
   It insulates you from electricity.
   It protects you from negative energy.
 F - a +2 cloak of cold resistance (worn)
 P - the +1 pair of gloves of a Billion Bounties (worn) {-Cast rF+ SInv Stlth+}
   (You found it on level 5 of the Depths)

   It protects you from fire.
   It lets you see invisible.
   It prevents spellcasting.
   It makes you more stealthy.
 S - the +9 scales of the Dragon King (worn) {rPois rF+ rC+ MR+}
   (You bought it in a shop on level 2 of the Orcish Mines)

   It protects you from fire.
   It protects you from cold.
   It protects you from poison.
   It affects your resistance to hostile enchantments.
Jewellery
 h - an amulet of reflection (around neck)
 t - the ring "Madufar" {rPois rF+ Str-2 Dex+8}
   (You found it in the Desolation of Salt)

   [ring of protection from fire]

   It affects your strength (-2).
   It affects your dexterity (+8).
   It protects you from fire.
   It protects you from poison.
 u - the ring of Phasing {EV+8}
   (You took it off a deep elf blademaster on level 3 of the Elven Halls)

   [ring of evasion]

   It affects your evasion (+8).
 x - the ring of Summ {rF+ rC- rN++ Str-3 Dex+10}
   (You found it on level 13 of the Dungeon)

   [ring of protection from fire]

   It affects your strength (-3).
   It affects your dexterity (+10).
   It protects you from fire.
   It makes you vulnerable to cold.
   It greatly protects you from negative energy.
 z - the ring of Zynte {rF+ Str+6 Stlth+}
   (You found it on level 1 of the Vaults)

   [ring of strength]

   It affects your strength (+6).
   It protects you from fire.
   It makes you more stealthy.
 A - the ring of Robustness {AC+8}
   (You found it on level 1 of the Elven Halls)

   [ring of protection]

   It affects your AC (+8).
 C - the ring "Foesch" {MR+ Str+6}
   (You found it in the Desolation of Salt)

   [ring of protection from magic]

   It affects your strength (+6).
   It affects your resistance to hostile enchantments.
 E - the ring of the Clam (right hand) {rCorr Int+2}
   (You took it off a deep elf master archer on level 3 of the Elven Halls)

   [ring of resist corrosion]

   It affects your intelligence (+2).
   It provides partial protection from all sources of acid and corrosion.
 K - the ring "Asirgh" (left hand) {rElec rC+ rN++}
   (You found it on level 10 of the Dungeon)

   [ring of protection from cold]

   It protects you from cold.
   It insulates you from electricity.
   It greatly protects you from negative energy.
Wands
 r - a wand of enslavement (34)
 v - a wand of digging (20)
 G - a wand of iceblast (44)
 U - a wand of paralysis (27)
 X - a wand of acid (14)
Scrolls
 a - 3 scrolls of identify
 f - 6 scrolls of enchant armour
 i - 3 scrolls of vulnerability
 k - 8 scrolls of fear
 l - 18 scrolls of remove curse
 o - 10 scrolls of immolation
 D - 2 scrolls of noise
 L - 5 scrolls of fog
 O - 3 scrolls of magic mapping
 Q - 8 scrolls of enchant weapon
 R - a scroll of amnesia
 W - a scroll of silence
Potions
 e - 8 potions of ambrosia
 j - 6 potions of flight
 m - 7 potions of brilliance
 p - 14 potions of lignification
 s - 9 potions of curing
 B - 6 potions of magic
 I - 4 potions of might
 N - 4 potions of cancellation
 Z - 3 potions of resistance
Miscellaneous
 H - 2 phantom mirrors
 M - a lightning rod (4/4)
Comestibles
 c - 62 rations


   Skills:
 - Level 20.0 Fighting
 + Level 23.4 Axes
 + Level 19.1 Armour
 - Level 14.0 Dodging
 - Level 2.4 Stealth
 - Level 15.0 Shields
 + Level 26.7 Invocations


You had 26 spell levels left.
You didn't know any spells.
Your spell library contained the following spells:

 Spells                   Type           Power        Failure   Level  Hunger
 Animate Skeleton         Necr           N/A          99%         1    ##.....
 Apportation              Tloc           #.....       99%         1    ##.....
 Beastly Appendage        Tmut           #.....       99%         1    ##.....
 Corona                   Hex            #......      99%         1    ##.....
 Magic Dart               Conj           #...         99%         1    ##.....
 Sandblast                Erth           #.....       99%         1    ##.....
 Summon Butterflies       Summ           #.......     99%         1    ##.....
 Summon Small Mammal      Summ           #...         99%         1    ##.....
 Call Imp                 Summ           #.......     100%        2    ###....
 Corpse Rot               Necr/Air       N/A          100%        2    ###....
 Ensorcelled Hibernation  Hex/Ice        #.....       100%        2    ###....
 Passwall                 Tmut/Erth      #.......     100%        2    ###....
 Shroud of Golubria       Chrm/Tloc      #.....       100%        2    ###....
 Slow                     Hex            #.......     100%        2    ###....
 Sticks to Snakes         Tmut           #.......     100%        2    ###....
 Confusing Touch          Hex            #.......     100%        3    ####...
 Conjure Flame            Conj/Fire      #.......     100%        3    ####...
 Dazzling Flash           Conj/Hex       #.....       100%        3    ####...
 Gell's Gravitas          Tloc           #.........   100%        3    ####...
 Ignite Poison            Fire/Tmut/Pois #.......     100%        3    ####...
 Inner Flame              Hex/Fire       #.......     100%        3    ####...
 Lesser Beckoning         Tloc           #.........   100%        3    ####...
 Mephitic Cloud           Conj/Pois/Air  #.......     100%        3    ####...
 Portal Projectile        Hex/Tloc       #.....       100%        3    ####...
 Spider Form              Tmut/Pois      #.........   100%        3    ####...
 Stone Arrow              Conj/Erth      #.....       100%        3    ####...
 Teleport Other           Tloc           #.......     100%        3    ####...
 Tukima's Dance           Hex            #.......     100%        3    ####...
 Vampiric Draining        Necr           #.........   100%        3    ####...
 Animate Dead             Necr           N/A          100%        4    #####..
 Cause Fear               Hex            #.........   100%        4    #####..
 Hailstorm                Conj/Ice       #.......     100%        4    #####..
 Ice Form                 Ice/Tmut       #.......     100%        4    #####..
 Leda's Liquefaction      Hex/Erth       #.........   100%        4    #####..
 Olgreb's Toxic Radiance  Pois           #.......     100%        4    #####..
 Passage of Golubria      Tloc           N/A          100%        4    #####..
 Petrify                  Tmut/Erth      #.......     100%        4    #####..
 Agony                    Necr           #.......     100%        5    ######.
 Alistair's Intoxication  Tmut/Pois      #.......     100%        5    ######.
 Blade Hands              Tmut           #.........   100%        5    ######.
 Bolt of Magma            Conj/Fire/Erth #.........   100%        5    ######.
 Borgnjor's Vile Clutch   Necr/Erth      #.........   100%        5    ######.
 Excruciating Wounds      Chrm/Necr      #.........   100%        5    ######.
 Irradiate                Conj/Tmut      #.........   100%        5    ######.
 Lee's Rapid Deconstruct  Erth           #.........   100%        5    ######.
 Metabolic Englaciation   Hex/Ice        #.........   100%        5    ######.
 Summon Forest            Summ/Tloc      #.........   100%        5    ######.
 Yara's Violent Unravell  Hex/Tmut       #.........   100%        5    ######.
 Darkness                 Hex            #.........   100%        6    #######
 Death Channel            Necr           #.........   100%        6    #######
 Eringya's Noxious Bog    Tmut/Pois      #.........   100%        6    #######
 Freezing Cloud           Conj/Ice/Air   #.........   100%        6    #######
 Hydra Form               Tmut           #.........   100%        6    #######
 Invisibility             Hex            #.......     100%        6    #######
 Iron Shot                Conj/Erth      #.........   100%        6    #######
 Ozocubu's Refrigeration  Ice            #.........   100%        6    #######
 Simulacrum               Ice/Necr       #.........   100%        6    #######
 Statue Form              Tmut/Erth      #........    100%        6    #######
 Dragon Form              Tmut           #.........   100%        7    #######
 Haunt                    Necr/Summ      #.........   100%        7    #######
 Summon Hydra             Summ           #.........   100%        7    #######
 Borgnjor's Revivificati  Necr           #.........   100%        8    #######
 Death's Door             Chrm/Necr      #.........   100%        8    #######
 Infestation              Necr           #.........   100%        8    #######
 Necromutation            Tmut/Necr      #.........   100%        8    #######
 Shatter                  Erth           #.........   100%        9    #######
 Blink                    Tloc           Unusable     N/A         2    N/A
 Swiftness                Chrm/Air       Unusable     N/A         2    N/A

Dungeon Overview and Level Annotations

Branches:
Dungeon (15/15)            Temple (1/1) D:7            Lair (6/6) D:10
 Shoals (4/4) Lair:3       Spider (4/4) Lair:2        Slime (0/5) Lair:5
    Orc (2/2) D:12            Elf (3/3) Orc:2        Vaults (5/5) D:13
  Crypt (0/3) Vaults:2     Depths (5/5) D:15            Zot (0/5) Depths:5
  Sewer (visited)           IceCv (visited)         Desolation (visited)

Altars:
Ashenzari
Cheibriados
Dithmenos
Elyvilon
Fedhas
Gozag
Hepliaklqana
Kikubaaqudgha
Makhleb
Nemelex Xobeh
Okawaru
Qazlal
Ru
Sif Muna
Trog
Uskayaw
Vehumet
Wu Jian
Xom
Yredelemnul
Zin
The Shining One
Jiyva

Shops:
D:9 *%}}   D:12 (   Orc:2 *[[}(   Elf:1 }

Portals:
Hell: Depths:1 Depths:2 Depths:3 Depths:4 Depths:5
Abyss: Shoals:1 Depths:2 Depths:4
Pandemonium: Depths:1 Depths:3
Ziggurat: Depths:5
Trove: D:11 (show slimy rune of Zot)

Annotations:
D:5 2 runed translucent doors
Lair:6 exclusion: oklob plant
Shoals:1 2 transporters, Ocherednoy's ghost, adept MiFi
Depths:5 1 runed translucent door


Innate Abilities, Weirdness & Mutations

You cannot be hasted, slowed, berserked, paralysed or teleported.
You can dig through walls and to a lower floor.
Your four strong arms can wield two-handed weapons with a shield.
You have a pair of large antennae on your head. (SInv)
You are frail. (-10% HP)
You do not regenerate when monsters are visible.


Message History

* * * LOW HITPOINT WARNING * * *
Your angel hits the ettin with a +2 whip of holy wrath!
The ettin dies!
The vault warden hits you but does no damage.
Okay, then.
You feel sick. You block the stone giant's attack.
The titan waves its arms in wide circles.
The air twists around and strikes you.
The tengu reaver hits you from afar with a +0 halberd!
* * * LOW HITPOINT WARNING * * *
Your angel hits the titan with a +2 whip of holy wrath!
Your angel hits the titan with a +2 whip of holy wrath.
Items here: " ) ? [[ a +0 long sword; a +0 ring mail; a +1 buckler of protection the amulet of the Four Winds {rN+ MR+++ Clar} a scroll of remove curse You feel better.
You block the stone giant's attack. The titan casts a spell at you.
The bolt of lightning hits you! You resist.
You die...

{
#..°☼#
#....#
{
#...)#
#....#
#....#
#..*.#
#....#
#)pQ)#
#@C()#{
#.[p.#
#.AC.#
#....#
{
#....#
#...(#
{
#)...#
(.....
.......


You could see a titan (strong), a stone giant (strong), 2 vault wardens, a tengu
reaver (strong), a battlesphere and a friendly angel (summoned).

Vanquished Creatures
  2 ancient liches
  Mara (Shoals:3)
  A juggernaut (Depths:5)
  Xtahua (Vaults:2)
  The ghost of Ebbouli the Eclecticist, a veteran GnWz of Ashenzari (Depths:5)
  Nikola (Vaults:2)
  The ghost of Mujukuneu the Cleaver, a veteran HuCj of Sif Muna (Vaults:1)
  A golden dragon (Vaults:5)
  Rupert (D:15)
  2 tentacled monstrosities
  The ghost of Pyinoph the Champion of Chaos, an adept DDFi of Makhleb (Vaults:1)
  2 deep elf blademasters (Elf:3)
  3 titans
  Asterion (Vaults:1)
  3 liches
  A quicksilver dragon (Vaults:5)
  2 deep elf master archers (Elf:3)
  3 sphinxes
  Gastronok (Lair:3)
  2 storm dragons (Vaults:5)
  3 krakens
  3 tengu reavers
  A revenant (Vaults:2)
  2 shadow dragons (Depths:5)
  Ilsuiw (Shoals:2)
  Roxanne (Elf:2)
  The ghost of Plog the Eviscerator, an adept FeBe of Trog (Vaults:1)
  10 frost giants
  7 fire giants
  5 deep elf sorcerers
  Aizul (Spider:4)
  A draconian knight (Depths:5)
  2 iron dragons
  4 ghost moths (Spider:4)
  2 deep elf elementalists (Elf:3)
  Louise (Spider:2)
  9 vault wardens
  7 emperor scorpions (Spider:4)
  2 imperial myrmidons (Desolation)
  A spriggan defender (Depths:4)
  34 very ugly things
  7 ironheart preservers
  24 stone giants
  7 vampire knights
  4 entropy weavers
  7 dire elephants
  13 deep elf demonologists
  Nessos (Lair:4)
  4 deep elf annihilators
  A white draconian (Depths:5)
  A red draconian (Depths:5)
  13 spark wasps
  A purple draconian (Depths:5)
  A yellow draconian (Depths:5)
  6 ettins
  6 merfolk impalers
  3 merfolk javelineers
  2 crystal guardians (Desolation)
  Josephine (Shoals:1)
  2 jiangshi (Depths:1)
  A blizzard demon (IceCv)
  6 ragged hierophants
  7 deep elf death magi
  13 fire dragons
  5 rakshasas
  2 deep elf high priests (Elf:3)
  27 vault guards
  15 ice dragons
  7 hydras
  13 yaktaur captains
  5 peacekeepers (Desolation)
  A hell beast (Depths:4)
  5 great orbs of eyes
  2 alligator snapping turtles
  Fannar (Lair:3)
  14 centaur warriors
  6 servants of whispers (Desolation)
  A spriggan air mage (Depths:3)
  An anaconda (Lair:6)
  6 satyrs
  3 death knights
  42 two-headed ogres
  3 merfolk avatars
  4 merfolk aquamancers
  A catoblepas (Lair:6)
  A satyr (shapeshifter) (Vaults:5)
  13 ogre magi
  9 deep troll earth magi
  7 deep troll shamans
  Urug (D:12)
  5 tengu warriors
  30 dancing weapons
  6 vampire magi
  A titan zombie (Depths:4)
  3 spriggan berserkers
  39 deep elf knights
  7 hell knights
  2 fire crabs (shapeshifter)
  A spark wasp zombie (Depths:4)
  A shadow wraith (Vaults:4)
  An unseen horror (shapeshifter) (D:15)
  7 flayed ghosts
  5 skeletal warriors
  28 deep trolls
  9 sea snakes
  2 fire crabs (Shoals:1)
  5 wizards
  4 unseen horrors
  A sea snake (shapeshifter) (D:15)
  23 deep elf archers
  3 glowing orange brains
  4 phantasmal warriors
  16 ironbrand convokers
  Pikel (D:6)
  4 lindwurms (D:11)
  4 necromancers
  12 harpies
  33 wolf spiders
  11 orc knights
  39 ugly things
  20 orb spiders
  76 deep elf magi
  7 manticores
  2 oklob plants (Lair:4)
  An orc sorcerer (Orc:1)
  A cyclops (shapeshifter) (D:15)
  18 fauns
  A salamander (shapeshifter) (Depths:3)
  6 cyclopes
  6 water nymphs
  14 vault sentinels
  A rust devil (Depths:4)
  11 merfolk sirens
  5 black mambas
  5 guardian serpents (Desolation)
  A guardian serpent (shapeshifter) (D:13)
  2 fire giant skeletons (Depths:4)
  Maurice (D:8)
  19 elephants
  A black mamba (shapeshifter) (Vaults:1)
  An ice statue (IceCv)
  2 gargoyles
  5 centaur skeletons
  11 spiny frogs
  A torpor snail (Lair:6)
  8 freezing wraiths
  4 rime drakes
  10 demonic crawlers
  51 yaktaurs
  An efreet (D:14)
  8 komodo dragons
  A kobold demonologist (Depths:4)
  7 ice devils
  A yaktaur (shapeshifter) (Depths:2)
  3 tengu conjurers
  3 anaconda simulacra (IceCv)
  A red devil (Depths:4)
  A golden dragon simulacrum (IceCv)
  2 polar bears (Lair:5)
  2 meliai (D:13)
  2 meliai (shapeshifter)
  40 jumping spiders
  41 merfolk
  3 wind drakes
  7 trolls
  3 wind drakes (shapeshifter)
  A hornet (D:9)
  A queen bee (shapeshifter) (Vaults:4)
  A hornet (shapeshifter) (Vaults:3)
  25 slime creatures
  49 saltlings
  7 blink frogs (Lair:6)
  3 dream sheep (Lair:6)
  A shadow (D:11)
  A frost giant simulacrum (Depths:4)
  9 snapping turtles
  11 hippogriffs
  A hippogriff (shapeshifter) (Vaults:4)
  2 air elementals
  64 redbacks
  3 dire elephant simulacra (IceCv)
  5 fire elementals
  20 yaks
  32 tarantellas
  12 water elementals
  11 wraiths
  2 centaur simulacra (D:15)
  6 wyverns
  6 basilisks
  A yak (shapeshifter) (Vaults:3)
  A fire bat (Shoals:1)
  A golden eye (shapeshifter) (D:15)
  A hog (shapeshifter) (Vaults:1)
  A steam dragon (D:10)
  19 humans (D:13)
  4 hungry ghosts
  5 vampire mosquitoes
  4 wargs
  2 yaktaur simulacra
  A soldier ant (shapeshifter) (Vaults:4)
  2 harpy simulacra (IceCv)
  2 iron troll simulacra (IceCv)
  A swamp worm (shapeshifter) (D:15)
  2 acid dragons
  2 hydra simulacra (IceCv)
  A soldier ant (D:14)
  10 water moccasins
  Duvessa (D:7)
  3 porcupines
  Purgy (Sewer)
  5 sky beasts
  31 orc warriors
  A black bear (shapeshifter) (D:15)
  2 ettin simulacra (IceCv)
  2 eyes of draining
  An eye of draining (shapeshifter) (Depths:2)
  5 ice beasts
  12 boggarts
  4 black bears
  45 ogres
  26 centaurs
  14 crocodiles
  6 big kobolds
  25 bullfrogs
  5 gnoll sergeants
  A water moccasin zombie (D:6)
  2 earth elementals
  4 scorpions
  Dowan (D:7)
  An elephant simulacrum (IceCv)
  A howler monkey (D:9)
  11 killer bees
  5 wights (D:12)
  4 electric eels
  8 crimson imps
  2 bullfrog zombies
  8 jellies
  A quasit (D:8)
  20 orc priests
  8 hounds
  3 bullfrog skeletons
  Jessica (D:2)
  An iguana (D:9)
  Terence (D:2)
  12 worker ants
  30 orc wizards
  4 troll simulacra (IceCv)
  A spriggan simulacrum (IceCv)
  A polar bear simulacrum (IceCv)
  2 wolf simulacra (IceCv)
  2 hound skeletons (D:6)
  A howler monkey zombie (D:5)
  A worker ant zombie (D:6)
  21 gnolls
  3 naga simulacra (IceCv)
  17 adders
  4 ogre simulacra (IceCv)
  8 shadow imps
  8 white imps
  6 oozes
  4 ufetubi (IceCv)
  An adder skeleton (D:9)
  4 worms
  2 dart slugs
  8 leopard geckos
  109 orcs
  5 ball pythons
  4 bats
  8 giant cockroaches
  2 goblins (D:1)
  9 hobgoblins
  19 jackals
  6 quokkas
  8 frilled lizards
  A jackal skeleton (D:6)
  14 kobolds
  A leopard gecko skeleton (D:4)
  8 rats
  8 plants
  8 tentacles
2134 creatures vanquished.

Vanquished Creatures (collateral kills)
  A titan (Vaults:5)
  A shadow dragon (Vaults:5)
  A tengu reaver (Vaults:5)
  A storm dragon (Vaults:5)
  An iron dragon (Vaults:5)
  2 ettins (Vaults:5)
  A yaktaur captain (Vaults:5)
  A meliai (D:13)
  A gnoll (D:8)
10 creatures vanquished.

Vanquished Creatures (others)
  A storm dragon (Vaults:5)
  A blizzard demon (IceCv)
  A deep elf mage (Vaults:5)
  A slime creature (Vaults:1)
  A redback (Spider:4)
  A slave (D:6)
  An ogre (D:6)
  A bullfrog (D:6)
  A scorpion (D:6)
  A centaur zombie (D:6)
  An orc wizard (D:6)
  Ijyb (D:4)
  2 gnolls (D:8)
  An ufetubus (IceCv)
  An orc (D:6)
  2 fungi
  32 plants
  5 tentacles
55 creatures vanquished.

Grand Total: 2199 creatures vanquished

Notes
Turn   | Place    | Note
-------+----------+-------------------------------------------
     0 | D:1      | Hastur the Formicid Monk began the quest for the Orb.
     0 | D:1      | Reached XP level 1. HP: 18/18 MP: 1/1
   303 | D:1      | Reached XP level 2. HP: 24/25 MP: 2/2
   915 | D:2      | Reached XP level 3. HP: 25/31 MP: 3/3
   988 | D:2      | Noticed Jessica
   996 | D:2      | Killed Jessica
   996 | D:2      | Reached skill level 5 in Fighting
  1014 | D:2      | Reached XP level 4. HP: 39/39 MP: 4/4
  2171 | D:2      | Noticed Terence
  2195 | D:2      | Killed Terence
  2195 | D:2      | Reached XP level 5. HP: 30/46 MP: 5/5
  2810 | D:3      | Found an opulent altar of Gozag.
  3646 | D:2      | Reached XP level 6. HP: 40/53 MP: 6/6
  5184 | D:4      | Noticed Ijyb
  5189 | D:4      | Noticed an ogre
  5190 | D:4      | HP: 2/56 [Ijyb/+0 club (2)]
  5196 | D:4      | Your ally died
  5698 | D:4      | Reached XP level 7. HP: 57/61 MP: 7/7
  6979 | D:4      | Reached skill level 5 in Axes
  6979 | D:4      | Reached XP level 8. HP: 69/69 MP: 8/8
  7110 | D:5      | Entered Level 5 of the Dungeon
  7115 | D:5      | Found a glowing drain.
  7152 | Sewer    | Entered a sewer
  7386 | Sewer    | Noticed Purgy
  7417 | Sewer    | Killed Purgy
  7740 | D:5      | Found a large runed translucent door.
  7741 | D:5      | Found a large runed translucent door.
  7741 | D:5      | Noticed a two-headed ogre
  7743 | D:5      | Found a large runed translucent door.
  7743 | D:5      | Found a large runed translucent door.
  8896 | D:6      | Noticed Pikel
  8910 | D:6      | Killed Pikel
  8910 | D:6      | Reached XP level 9. HP: 70/76 MP: 9/9
  9778 | D:7      | Found a staircase to the Ecumenical Temple.
  9787 | Temple   | Entered the Ecumenical Temple
  9979 | Temple   | Became a worshipper of the Shining One
  9979 | Temple   | Reached * piety under the Shining One
  9979 | Temple   | Reached ** piety under the Shining One
 10651 | D:7      | Noticed a hippogriff
 10661 | D:7      | Killed a hippogriff
 10813 | D:7      | Noticed Dowan
 10818 | D:7      | Noticed Duvessa
 10822 | D:7      | Killed Dowan
 10836 | D:7      | Killed Duvessa
 10836 | D:7      | Reached XP level 10. HP: 68/85 MP: 10/10
 10970 | D:7      | Found a blossoming altar of Fedhas.
 10971 | D:7      | Found an ancient bone altar of Kikubaaqudgha.
 11311 | D:8      | Reached skill level 10 in Fighting
 11323 | D:8      | Reached skill level 10 in Axes
 11613 | D:8      | Reached skill level 5 in Armour
 12080 | D:8      | Noticed Maurice
 12098 | D:8      | Killed Maurice
 12315 | D:8      | Reached skill level 1 in Shields
 12697 | D:8      | Found a shadowy altar of Dithmenos.
 12840 | D:9      | Reached skill level 1 in Invocations
 12978 | D:9      | Found Ydug Ifa's Food Boutique.
 13125 | D:9      | Reached skill level 2 in Invocations
 13218 | D:9      | Found Vupoyliaj's Gadget Shop.
 13246 | D:9      | Reached XP level 11. HP: 80/90 MP: 11/13
 13398 | D:9      | Reached skill level 3 in Invocations
 13529 | D:9      | Found Qyam's General Store.
 13853 | D:9      | Noticed an unseen horror
 13876 | D:9      | Killed an unseen horror
 13876 | D:9      | Reached skill level 4 in Invocations
 13950 | D:9      | Found Plog's Gadget Emporium.
 14292 | D:5      | Killed a two-headed ogre
 14292 | D:5      | Reached skill level 5 in Invocations
 14305 | D:5      | Got a slimy war axe
 14313 | D:5      | Got a slimy spear
 14317 | D:5      | Identified the +0 war axe of Ammak {vamp, +Rage rC+ Str+2}
                  | (You found it on level 5 of the Dungeon)
 14318 | D:5      | Identified the +8 spear "Utu Qacu" {speed, rN+} (You found
                  | it on level 5 of the Dungeon)
 14471 | D:10     | Entered Level 10 of the Dungeon
 14780 | D:10     | Got a distressingly furry cloak
 14798 | D:10     | Identified the cursed -3 cloak of Duck's Teeth {rF+ Int+2
                  | SInv} (You found it on level 10 of the Dungeon)
 14983 | D:10     | Found a staircase to the Lair.
 15003 | D:10     | Reached skill level 6 in Invocations
 15010 | D:10     | Got a clouded golden ring
 15205 | D:10     | Reached *** piety under the Shining One
 15717 | Lair:1   | Entered Level 1 of the Lair of Beasts
 16132 | Lair:1   | Reached skill level 7 in Invocations
 16202 | Lair:1   | Reached XP level 12. HP: 92/97 MP: 17/17
 16348 | Lair:1   | Noticed an eight-headed hydra
 16365 | Lair:1   | Killed an eight-headed hydra
 17283 | Lair:2   | Noticed an eight-headed hydra
 17404 | Lair:2   | Reached skill level 8 in Invocations
 17570 | Lair:2   | Killed an eight-headed hydra
 17875 | Lair:2   | Found a hole to the Spider Nest.
 18854 | Lair:3   | Reached skill level 10 in Armour
 18854 | Lair:3   | Reached skill level 5 in Shields
 19075 | Lair:3   | Noticed a six-headed hydra
 19087 | Lair:3   | Killed a six-headed hydra
 19087 | Lair:3   | Reached skill level 9 in Invocations
 19219 | Lair:3   | Noticed a six-headed hydra
 19236 | Lair:3   | Reached XP level 13. HP: 105/105 MP: 15/19
 19248 | Lair:3   | Killed a six-headed hydra
 19435 | Lair:3   | Noticed Gastronok
 19566 | Lair:3   | Killed Gastronok
 19577 | Lair:3   | Noticed Fannar
 19591 | Lair:2   | Identified the ring "Asirgh" {rElec rC+ rN++} (You found it
                  | on level 10 of the Dungeon)
 19618 | Lair:3   | Killed Fannar
 20288 | Lair:3   | Found a staircase to the Shoals.
 20386 | Lair:3   | Reached skill level 10 in Invocations
 21355 | Lair:4   | Noticed Nessos
 21376 | Lair:4   | Killed Nessos
 22302 | Lair:5   | Noticed an eight-headed hydra
 22323 | Lair:5   | Killed an eight-headed hydra
 22887 | Lair:5   | Found a viscous altar of Jiyva.
 22888 | Lair:5   | Found a staircase to the Slime Pits.
 23144 | Lair:5   | Noticed a dire elephant
 23195 | Lair:5   | Killed a dire elephant
 23195 | Lair:5   | Reached skill level 11 in Invocations
 23195 | Lair:5   | Reached XP level 14. HP: 55/115 MP: 20/22
 23582 | Lair:6   | Entered Level 6 of the Lair of Beasts
 24786 | Lair:6   | Found a radiant altar of Vehumet.
 25458 | Lair:6   | Identified the Grimoire of the Vanishing Beasts
 25489 | Lair:6   | Reached skill level 12 in Invocations
 25502 | Lair:6   | Noticed a dire elephant
 25536 | Lair:6   | Killed a dire elephant
 25824 | Lair:6   | Noticed a dire elephant
 25824 | Lair:6   | Noticed a dire elephant
 25871 | Lair:6   | Killed a dire elephant
 25911 | Lair:6   | Noticed a dire elephant
 26529 | Lair:5   | Killed a dire elephant
 26616 | Lair:6   | Noticed a dire elephant
 26648 | Lair:6   | Killed a dire elephant
 26792 | Lair:6   | Noticed a dire elephant
 26825 | Lair:6   | Killed a dire elephant
 27136 | Lair:6   | Killed a dire elephant
 27418 | D:11     | Found a portal to a secret trove of treasure.
 28275 | D:11     | Reached XP level 15. HP: 71/124 MP: 24/24
 28373 | D:11     | Identified the cursed +0 dire flail of Bloodstone {holy,
                  | *Rage rC++ Int+5} (You found it on level 11 of the Dungeon)
 28896 | D:12     | Reached **** piety under the Shining One
 29018 | D:12     | Found Viath's Antique Weapon Shop.
 29028 | D:12     | Reached skill level 5 in Dodging
 29175 | D:12     | Noticed Urug
 29186 | D:12     | Killed Urug
 29541 | D:12     | Reached skill level 13 in Invocations
 29591 | D:12     | Found a staircase to the Orcish Mines.
 29608 | D:12     | Reached skill level 15 in Axes
 29764 | D:13     | Reached ***** piety under the Shining One
 30150 | D:13     | Found a sacrificial altar of Ru.
 30559 | D:13     | Reached skill level 15 in Fighting
 30572 | D:13     | Got a twitching steel ring
 30578 | D:13     | Identified the ring of Summ {rF+ rC- rN++ Str-3 Dex+10}
                  | (You found it on level 13 of the Dungeon)
 30686 | D:13     | Found a gate to the Vaults.
 31102 | D:14     | Reached XP level 16. HP: 115/136 MP: 26/26
 31348 | D:14     | Found a glowing golden altar of the Shining One.
 31734 | D:14     | Reached skill level 14 in Invocations
 31817 | D:14     | Reached ****** piety under the Shining One
 32010 | D:14     | Found a radiant altar of Vehumet.
 32122 | D:15     | Entered Level 15 of the Dungeon
 32389 | D:15     | Found a shimmering altar of Xom.
 32390 | D:15     | Found an opulent altar of Gozag.
 32390 | D:15     | Found a blossoming altar of Fedhas.
 32471 | D:15     | Found a staircase to the Depths.
 32651 | D:15     | Noticed a frost giant
 32670 | D:15     | Killed a frost giant
 33242 | D:15     | Noticed a tengu reaver
 33261 | D:15     | Identified the +8 morningstar of Death's Door {vamp, +Rage}
 33261 | D:15     | Identified the ring "Rudwiupi" {MP+9 Int+2}
 33261 | D:15     | Noticed a frost giant
 33271 | D:15     | Killed a tengu reaver
 33755 | D:15     | Noticed Rupert
 33775 | D:15     | Killed Rupert
 34101 | D:15     | Reached skill level 15 in Invocations
 34122 | D:15     | Reached XP level 17. HP: 49/147 MP: 28/28
 34613 | D:15     | Identified the Volume of Shifting Necromancy
 35038 | Orc:1    | Entered Level 1 of the Orcish Mines
 35726 | Orc:2    | Entered Level 2 of the Orcish Mines
 35726 | Orc:2    | Found a staircase to the Elven Halls.
 35952 | Orc:2    | Found Weusm's General Store.
 36119 | Orc:2    | Found Gaconu's Antique Armour Shoppe.
 36119 | Orc:2    | Found Luhij's Armour Shop.
 36533 | Orc:2    | Found Udufob's Antique Weapon Boutique.
 36533 | Orc:2    | Found Inubun's Gadget Shoppe.
 36831 | Elf:1    | Entered Level 1 of the Elven Halls
 36891 | Elf:1    | Found Yqocin's Gadget Shop.
 36896 | Elf:1    | Reached skill level 10 in Shields
 36983 | Elf:1    | Identified the Reference Book on Damage Dealing
 37007 | Elf:1    | Reached skill level 16 in Invocations
 37280 | Elf:1    | Reached XP level 18. HP: 157/157 MP: 30/30
 37845 | Elf:1    | Found the ring of Robustness {AC+8}
 38132 | Elf:2    | Found a runed translucent gate.
 38133 | Elf:2    | Found a runed translucent gate.
 38148 | Elf:2    | Found a runed translucent gate.
 38628 | Elf:2    | Noticed an Ice Fiend
 39116 | Elf:2    | Reached skill level 17 in Invocations
 39554 | Elf:2    | Identified Roxanne's Compendium of Changing
 39554 | Elf:2    | Noticed Roxanne
 39972 | Elf:2    | Killed Roxanne
 40956 | Elf:2    | Cast into level 2 of the Abyss (+1 hand axe of distortion)
 40956 | Abyss:2  | Found a corrupted altar of Lugonu.
 40962 | Elf:2    | Escaped the Abyss
 40966 | Elf:2    | Reached XP level 19. HP: 125/163 MP: 31/31
 41557 | Elf:3    | Entered Level 3 of the Elven Halls
 41614 | Elf:3    | Found a radiant altar of Vehumet.
 42610 | Elf:3    | Reached skill level 18 in Invocations
 42890 | Elf:3    | Identified the ring of the Clam {rCorr Int+2}
 42956 | Elf:3    | Noticed a deep elf blademaster
 42964 | Elf:3    | Noticed a Hell Sentinel
 42969 | Elf:3    | Killed a deep elf blademaster
 42974 | Elf:3    | Gained mutation: You do not regenerate when monsters are
                  | visible. [a neqoxec]
 43096 | Elf:3    | Identified the +3 rapier "Mygelost" {elec, *Noise +Inv
                  | rElec rN++}
 43214 | Elf:3    | Noticed a deep elf blademaster
 43233 | Elf:3    | Killed a deep elf blademaster
 43921 | Elf:3    | Identified the ring "Yssuotai" {Ice Dex+3}
 44242 | Elf:3    | Found the +3 giant club "Skullcrusher" {speed, Str+7}
 44712 | Spider:1 | Entered Level 1 of the Spider Nest
 46006 | Spider:2 | Found a frozen archway.
 46024 | Spider:2 | Reached XP level 20. HP: 156/170 MP: 33/33
 46033 | IceCv    | Entered an ice cave
 47300 | IceCv    | Identified the +2 pair of gloves of Complete Protection
                  | {Harm rElec Dex+3} (You found it in an ice cave)
 47725 | Spider:2 | Reached skill level 15 in Shields
 48035 | Spider:2 | Reached skill level 19 in Invocations
 48092 | Spider:2 | Noticed Louise
 48115 | Spider:2 | Killed Louise
 48624 | Spider:2 | You fall into a shaft and drop 1 floor!
 50929 | Spider:4 | Entered Level 4 of the Spider Nest
 50952 | Spider:4 | Noticed Aizul
 50988 | Spider:4 | Killed Aizul
 50997 | Spider:4 | Got a wavering iron amulet
 51217 | Spider:3 | Identified the amulet "Ziyrphio" {Spirit Int+3} (You found
                  | it on level 4 of the Spider Nest)
 52315 | Spider:4 | Reached XP level 21. HP: 111/177 MP: 0/34
 52932 | Spider:4 | Identified a scroll of acquirement
 53006 | Spider:4 | Got a gossamer rune of Zot
 53437 | Orc:2    | Bought the +9 scales of the Dragon King {rPois rF+ rC+ MR+}
                  | for 3744 gold pieces
 53437 | Orc:2    | Found the +9 scales of the Dragon King {rPois rF+ rC+ MR+}
 53705 | Shoals:1 | Entered Level 1 of the Shoals
 53768 | Shoals:1 | Noticed Josephine
 53784 | Shoals:1 | Killed Josephine
 53787 | Shoals:1 | Reached skill level 20 in Invocations
 54122 | Shoals:1 | Identified the +7 trident of the Crushed Ships {distort,
                  | *Corrode +Inv rF++}
 54292 | Shoals:1 | Found a transporter.
 54303 | Shoals:1 | Found a one-way gate to the infinite horrors of the Abyss.
 54303 | Shoals:1 | Noticed Ocherednoy's ghost (adept MiFi)
 54328 | Shoals:1 | Found a transporter.
 54331 | Shoals:1 | Found the +8 longbow "Zephyr" {speed, Dex+3 SInv}
 54475 | Shoals:1 | Got a scorched pewter ring
 55501 | Shoals:2 | Noticed Ilsuiw
 55511 | Shoals:2 | Killed Ilsuiw
 56082 | Shoals:3 | Noticed Mara
 56269 | Shoals:3 | Noticed Hastur's illusion
 56638 | Shoals:3 | Killed Mara
 56729 | Shoals:3 | Identified the ring of Equilibrium {rElec rPois rF+ AC+4
                  | Int-5} (You found it on level 1 of the Shoals)
 57410 | Shoals:4 | Entered Level 4 of the Shoals
 58138 | Shoals:4 | Reached skill level 21 in Invocations
 58138 | Shoals:4 | Reached XP level 22. HP: 163/184 MP: 36/36
 58652 | Shoals:4 | Got a barnacled rune of Zot
 59876 | Vaults:1 | Entered Level 1 of the Vaults
 60128 | Vaults:1 | Noticed Asterion
 60139 | Vaults:1 | Killed Asterion
 60413 | Vaults:1 | Found a runed translucent gate.
 60413 | Vaults:1 | Found a runed translucent gate.
 60413 | Vaults:1 | Found an ancient bone altar of Kikubaaqudgha.
 60413 | Vaults:1 | Found a runed translucent gate.
 60413 | Vaults:1 | Noticed Mujukuneu's ghost (veteran HuCj)
 60413 | Vaults:1 | Noticed Plog's ghost (adept FeBe)
 60413 | Vaults:1 | Noticed an ancient lich
 60414 | Vaults:1 | Noticed Pyinoph's ghost (adept DDFi)
 60423 | Vaults:1 | Killed Plog's ghost
 60423 | Vaults:1 | Reached skill level 10 in Dodging
 60427 | Vaults:1 | Killed Pyinoph's ghost
 60429 | Vaults:1 | Killed an ancient lich
 60466 | Vaults:1 | Killed Mujukuneu's ghost
 60476 | Vaults:1 | Identified the ring of Zynte {rF+ Str+6 Stlth+} (You found
                  | it on level 1 of the Vaults)
 60490 | Vaults:1 | Identified Kikubaaqudgha's Incunabulum of Evil Rituals
 60908 | Vaults:1 | Gained mutation: You are frail. (-10% HP) [a neqoxec]
 61243 | Vaults:2 | Found a ruined gateway.
 61254 | Vaults:2 | Found a flickering gateway to a bazaar.
 61260 | Bazaar   | Entered a bazaar
 61260 | Bazaar   | Found Bainkog's Antique Weapon Shoppe.
 61260 | Bazaar   | Found Yfurgh's Assorted Antiques.
 61325 | Bazaar   | Found Soenahyl's Book Emporium.
 61333 | Bazaar   | Found Fakly's Magic Scroll Shoppe.
 61339 | Bazaar   | Bought a scroll of enchant weapon for 127 gold pieces
 61358 | Bazaar   | Found Zagynann's Magic Scroll Emporium.
 61365 | Bazaar   | Bought a scroll of enchant armour for 82 gold pieces
 61386 | Desolati | Entered the Desolation of Salt
 61472 | Desolati | Got a heavily runed lead amulet
 62099 | Desolati | Got a crude tin ring
 62107 | Desolati | Got a wavering gossamer ring
 62350 | Desolati | Reached XP level 23. HP: 172/172 MP: 37/37
 62422 | Desolati | Reached skill level 15 in Armour
 62476 | Desolati | Got a scintillating steel ring
 62975 | D:9      | Bought 2 scrolls of identify for 52 gold pieces
 62975 | D:9      | Bought a scroll of identify for 26 gold pieces
 62975 | D:9      | Bought a scroll of identify for 26 gold pieces
 62975 | D:9      | Identified the ring "Madufar" {rPois rF+ Str-2 Dex+8} (You
                  | found it in the Desolation of Salt)
 62976 | D:9      | Identified the ring "Foesch" {MR+ Str+6} (You found it in
                  | the Desolation of Salt)
 62977 | D:9      | Identified the amulet of the Traitor {Faith +Inv +Fly
                  | Str-5} (You found it in the Desolation of Salt)
 62978 | D:9      | Identified the ring of Ofoik {*Tele Str+3} (You found it in
                  | the Desolation of Salt)
 63134 | Vaults:2 | Noticed Xtahua
 63143 | Vaults:2 | Killed Xtahua
 63718 | Vaults:2 | Noticed Nikola
 63734 | Vaults:2 | Killed Nikola
 63948 | Vaults:2 | Found a staircase to the Crypt.
 64842 | Vaults:3 | Reached skill level 22 in Invocations
 65743 | Vaults:3 | Reached XP level 24. HP: 159/181 MP: 38/38
 66315 | Vaults:4 | Identified the ring "Himpuel" {rElec rF+}
 67838 | Depths:1 | Entered Level 1 of the Depths
 68243 | Depths:1 | Reached skill level 23 in Invocations
 68533 | Depths:1 | Found a one-way gate leading to the halls of Pandemonium.
 68570 | Depths:1 | Reached XP level 25. HP: 189/189 MP: 38/38
 69133 | Depths:1 | Found a gateway to Hell.
 69329 | Depths:2 | You fall into a shaft and drop 1 floor!
 70169 | Depths:2 | You fall into a shaft and drop 2 floors!
 70181 | Depths:4 | Reached skill level 24 in Invocations
 72352 | Depths:3 | Reached skill level 25 in Invocations
 72352 | Depths:3 | Reached XP level 26. HP: 196/196 MP: 39/39
 72530 | Depths:3 | Identified the amulet "Asadiasi" {RegenMP Int+7}
 74260 | Depths:5 | Entered Level 5 of the Depths
 74432 | Depths:5 | Reached skill level 26 in Invocations
 74818 | Depths:5 | Found a gateway to a ziggurat.
 75182 | Depths:5 | Found a runed translucent door.
 75185 | Depths:5 | Noticed a juggernaut
 75195 | Depths:5 | Noticed Ebbouli's ghost (veteran GnWz)
 75201 | Depths:5 | Found a runed translucent door.
 75239 | Depths:5 | Killed a juggernaut
 75283 | Depths:5 | Killed Ebbouli's ghost
 75306 | Depths:5 | Noticed an ancient lich
 75336 | Depths:5 | Killed an ancient lich
 75336 | Depths:5 | Reached XP level 27. HP: 144/201 MP: 40/40
 75343 | Depths:5 | Identified the +1 pair of gloves of a Billion Bounties
                  | {-Cast rF+ SInv Stlth+} (You found it on level 5 of the
                  | Depths)
 75515 | Depths:5 | Found a gate to the Realm of Zot.
 75789 | Orc:2    | Bought the +2 pair of boots of the Hidden Vale {rElec rN+
                  | Int-4} for 291 gold pieces
 76029 | Vaults:5 | Entered Level 5 of the Vaults
 76702 | Vaults:5 | Identified the cursed +0 tower shield "Muahioli" {Slay+3}
 76708 | Vaults:5 | Identified the ring "Ywydghu" {*Tele Int+3 Dex-3 Slay+2}
 76726 | Vaults:5 | HP: 10/201 [vault warden/+0 vorpal great mace (9)]
 76737 | Vaults:5 | HP: 7/201 [tengu reaver/+0 halberd (7)]
 76738 | Vaults:5 | Killed from afar by a titan

Illustrated notes

Levels and vault maps discovered:
D:1:      dpeg_arrival_connections, layout_basic
D:2:      minmay_kobold_bridge, layout_loops_cross, uniq_terence, uniq_jessica
D:3:      layout_loops_ring, old_standard_altar
D:4:      layout_loops_ring, uniq_ijyb
D:5:      layout_basic, first_ration, cheibrodos_sewer_entry_drain,
          minmay_hollow_rounded_squares
D:6:      layout_rooms, uniq_pikel
D:7:      layout_rooms, grunt_temple_overflow_growth_and_decay, temple_hall,
          patterned_corridor, uniq_duvessa
D:8:      layout_loops_ring, nicolae_dithmenos_the_darkroom, uniq_maurice
D:9:      layout_basic, serial_shops, shop, shop, kennysheep_little_box, shop,
          hangedman_little_slice_of_home, grunt_decor_cap, hangedman_glass_teeth
D:10:     layout_stronghold, erik_lair_dragon
D:11:     layout_long_grid, enter_trove_1, minmay_lindwurm_lava
D:12:     layout_loops_cross, kennysheep_orc_monster_closet_entryway,
          serial_shops, nicolae_shop_trees, uniq_urug
D:13:     layout_cross, grunt_vaults_entry_tiered, nicolae_ru_awakened_eye
D:14:     layout_irregular_city, basic_altar, nicolae_tso_swordbearing_angel
D:15:     hangedman_slaughterboxes, uniq_rupert
Temple:   dpeg_five_rooms_temple
Lair:1:   layout_cellular_growth
Lair:2:   layout_long_grid, nicolae_spider_entry_tight_spaces, st_stairs_12
Lair:3:   layout_regular_city, elwin_shoals_entry_rooms, minivault_23,
          grunt_megastairs_5, lemuel_fruit_tree, uniq_gastronok, uniq_fannar
Lair:4:   layout_misc_corridors, minivault_24, lemuel_fruit_fields,
          serial_bayou_shore_a, grunt_megastairs_4, minmay_lair_oklob_chamber,
          infiniplex_staircase_pool_2, uniq_nessos
Lair:5:   beast_lair_carwin_large_2, layout_gridlike,
          dpeg_slime_entry_enclosed_altar, gammafunk_lair_bear_cave
Lair:6:   due_jungle_book, layout_cave_shapes, nicolae_quartered_pool_little,
          lemuel_oklob_altar
Shoals:1: layout_shoals, gammafunk_ghost_abyssal_escape,
          hangedman_shoal_volcano, uniq_josephine
Shoals:2: layout_shoals, shoals_oasis, uniq_ilsuiw
Shoals:3: layout_shoals, nicolae_shoals_kraken_intersection, uniq_mara
Shoals:4: shoals_end_grunt_garden, layout_shoals
Spider:1: layout_spider_delve
Spider:2: layout_chambers, portal_ice_cave_entry_dragon, uniq_louise
Spider:3: layout_spider_delve
Spider:4: grunt_spider_rune_circles, uniq_aizul
Orc:1:    layout_diamond_mine
Orc:2:    st_orc_ogre_mass, layout_caves, serial_shops, shop
Elf:1:    elf_arrival_001, layout_geoelf_diagonals, serial_shops, shop,
          minmay_elf_annihilation
Elf:2:    layout_rooms, hangedman_elf_represent, lemuel_elevator, uniq_roxanne
Elf:3:    elf_hall_gauntlet_narrow, layout_geoelf_octagon, basic_altar
Vaults:1: gammafunk_vaults_ghost_crypt, nicolae_vaults_bisected_slash,
          ontoclasm_vaults_pinch, ontoclasm_vaults_hangar, v_misc_11,
          st_smaller_cells, ontoclasm_vaults_fault, vaults_room_door_ring,
          v_misc_16, v_misc_2, v_misc_3, ontoclasm_vaults_ring_square,
          nicolae_vaults_alarming, layout_vaults_omnicross, uniq_asterion
Vaults:2: v_misc_14, v_misc_11, grunt_vaults_funnel,
          nicolae_vaults_circle_grid_a, minmay_crypt_entry_simple_sparse,
          v_misc_27, vaults_room_hangedman_quadrants, layout_vaults_quadrants,
          serial_shops, bzr_entry_safe, portal_desolation_entry_salt,
          uniq_xtahua, uniq_nikola
Vaults:3: vaults_standard_mumra_x, v_misc_23, ontoclasm_vaults_ring_small,
          vaults_dpeg_encased_lava, vaults_dpeg_diagonal, vaults_room_pools,
          st_cross, nicolae_vaults_theta, v_misc_5, ontoclasm_vaults_tryst,
          v_pattern_4, layout_vaults_omnibox
Vaults:4: nicolae_vaults_asterisk, hangedman_vaults_slice, v_misc_13,
          ontoclasm_vaults_claustrophobia, nicolae_vaults_lopsided_apartments,
          v_pattern_5, hangedman_vaults_trim, nicolae_vaults_network_periphery,
          v_misc_3, nicolae_vaults_shelves_hall, v_misc_27,
          layout_vaults_maze_bifur
Vaults:5: serial_shops, uniq_sojobo, uniq_boris
Depths:1: layout_basic, nrook_mini_backslash, rand_demon_pan_entry_8,
          hell_entry, chequers_jeans, minmay_fractal_squares_diagonal_5
Depths:2: minmay_mutant_horseshoe, layout_basic, minmay_misc_feat_enclosed,
          hell_entry, abyss_entry, minmay_splitting_lines,
          minmay_misc_feat_rows, st_stairs_9
Depths:3: minmay_the_grid_triangle_9x9_recursive_3
          [minmay_the_grid_triangle_9x9_alien,
          minmay_the_grid_triangle_9x9_thin_v,
          minmay_the_grid_triangle_9x9_corruption,
          minmay_the_grid_triangle_9x9_prize_insulated,
          minmay_the_grid_triangle_9x9_pentomino_pain,
          minmay_the_grid_triangle_9x9_empty,
          minmay_the_grid_triangle_9x9_intruding_spiral,
          minmay_the_grid_triangle_9x9_stretched_checkered,
          minmay_the_grid_triangle_9x9_empty], layout_gridlike,
          serial_co_window_serial, co_window_cross_1, co_window_paths_a,
          co_window_paths_a, co_window_corner_a, co_window_paths_b,
          co_window_of_opportunity_c, co_window_2corner,
          co_window_unsneaky_path_a, co_window_of_opportunity_c,
          co_window_corner_b, glass_columns_a, glass_columns_b, glass_columns_a,
          pan_entry, hell_entry
Depths:4: kennysheep_bubbly, layout_basic, marbit_kobold_abyss_entry,
          grunt_mini_vestibule, minmay_staircase_statues
Depths:5: evilmike_zot_entry_basic, layout_gridlike, enter_ziggurat_b,
          muffindrake_ghost_dual_entry, abyss_entry_crystal,
          pf_vacation_house_of_asmodeus, minmay_misc_feat_ornament,
          abandoned_shop

Skill      XL: |  1  2  3  4  5  6  7  8  9 10 11 12 13 14 15 16 17 18 19 20 21 22 23 24 25 26 27 |
---------------+----------------------------------------------------------------------------------+-----
Fighting       | 4 5 6 7 8 9 10 12 13 15 17 18 19 20 | 20.0
Axes           | 5 7 9 11 12 13 14 15 16 17 18 19 20 21 22 23 | 23.4
Armour         | 2 3 6 8 10 11 13 14 15 17 18 19 | 19.1
Shields        | 2 5 8 9 10 12 14 15 | 15.0
Invocations    | 2 7 9 11 12 13 15 16 17 18 19 21 22 23 25 26 | 26.7
Dodging        | 4 6 8 9 11 13 14 | 14.0
Stealth        | |  2.4

Action                   |  1- 3 |  4- 6 |  7- 9 | 10-12 | 13-15 | 16-18 | 19-21 | 22-24 | 25-27 || total
-------------------------+-------+-------+-------+-------+-------+-------+-------+-------+-------++-------
Melee: Hand axe          |    74 |   403 |    42 |       |       |       |       |       |       ||   519
       War axe           |       |       |   365 |   321 |   368 |  1061 |  1654 |       |       ||  3769
       Spear             |       |       |       |   425 |  1308 |    20 |       |       |       ||  1753
       Battleaxe         |       |       |       |       |       |       |   177 |  1221 |   936 ||  2334
       Executioner's axe |       |       |       |       |       |       |       |       |    68 ||    68
Throw: Dart              |       |       |    14 |    11 |       |       |     1 |       |       ||    26
Invok: Divine Shield     |       |       |       |     3 |    12 |     8 |    13 |     3 |     8 ||    47
       Cleansing Flame   |       |       |       |       |       |     1 |     2 |     6 |     4 ||    13
       Summon Divine War |       |       |       |       |       |       |     1 |       |     2 ||     3
 Abil: Dig               |       |       |     3 |     3 |    15 |     3 |    19 |     2 |     7 ||    52
Evoke: Wand              |       |     3 |     1 |     3 |     2 |     1 |    12 |     2 |       ||    24
  Use: Scroll            |       |     7 |     6 |     4 |    13 |     6 |    14 |     8 |     1 ||    59
       Potion            |       |       |       |       |     2 |     1 |     1 |     1 |    14 ||    19
 Stab: Sleeping          |       |       |     1 |       |       |       |       |       |       ||     1
       Distracted        |       |       |     1 |       |       |       |       |       |       ||     1
  Eat: Chunk             |       |    12 |    14 |    22 |    31 |    31 |    34 |    17 |    22 ||   183
       Ration            |       |     1 |     1 |     3 |     3 |     1 |     8 |     5 |     2 ||    24
Armor: Scale mail        |    34 |   160 |   167 |    32 |       |       |       |       |       ||   393
       Robe              |     1 |       |       |       |       |       |       |       |       ||     1
       Plate armour      |       |       |       |   178 |   273 |   176 |   306 |       |       ||   933
       Gold dragon scale |       |       |       |       |       |       |   190 |   236 |   239 ||   665
Dodge: Dodged            |    41 |   224 |   216 |   153 |   161 |   170 |   285 |   169 |   206 ||  1625
Block: Other             |       |     8 |    90 |    22 |       |       |       |       |       ||   120
       Reflection        |       |       |     2 |     3 |    38 |   104 |    83 |   135 |    56 ||   421
       Buckler           |       |       |       |   135 |       |       |       |       |       ||   135
       Kite shield       |       |       |       |    97 |   808 |   740 |   175 |       |       ||  1820
       Tower shield      |       |       |       |       |       |       |  1757 |  1009 |  1014 ||  3780

Table legend:
 A = Non-vault XP
 B = Vault XP
 C = Vault XP percentage of total XP
 D = Non-vault monster count
 E = Vault monster count
 F = Vault count percentage of total count
                 A         B        C        D         E       F
            +---------+---------+-------+---------+---------+-------
      Total |  585140 |  537720 |  47.9 |    1363 |     772 |  36.2
            +---------+---------+-------+---------+---------+-------
        D:1 |      23 |       0 |   0.0 |      13 |       0 |   0.0
        D:2 |     114 |      76 |  40.0 |      24 |       5 |  17.2
        D:3 |     248 |       0 |   0.0 |      42 |       0 |   0.0
        D:4 |     613 |      16 |   2.5 |      37 |       1 |   2.6
        D:5 |     152 |    1063 |  87.5 |       3 |       9 |  75.0
        D:6 |     875 |     629 |  41.8 |      27 |       1 |   3.6
        D:7 |     912 |     212 |  18.9 |      28 |       2 |   6.7
        D:8 |    1905 |     445 |  18.9 |      34 |       1 |   2.9
        D:9 |    2986 |     166 |   5.3 |      32 |       8 |  20.0
       D:10 |    1856 |     929 |  33.4 |      24 |       5 |  17.2
       D:11 |    3494 |    2597 |  42.6 |      26 |       4 |  13.3
       D:12 |    8690 |    2066 |  19.2 |      60 |      21 |  25.9
       D:13 |    7818 |    8032 |  50.7 |      42 |      25 |  37.3
       D:14 |   15861 |     888 |   5.3 |      42 |       1 |   2.3
       D:15 |    2981 |   43293 |  93.6 |       3 |      86 |  96.6
     Lair:1 |    5233 |       0 |   0.0 |      17 |       0 |   0.0
     Lair:2 |    3071 |    3000 |  49.4 |       9 |      11 |  55.0
     Lair:3 |    4365 |    4919 |  53.0 |      13 |       7 |  35.0
     Lair:4 |    3042 |    3513 |  53.6 |      15 |       7 |  31.8
     Lair:5 |    5875 |    4354 |  42.6 |      16 |       9 |  36.0
     Lair:6 |   14745 |    2861 |  16.3 |      33 |       5 |  13.2
   Shoals:1 |   10091 |    5728 |  36.2 |      20 |      14 |  41.2
   Shoals:2 |   16111 |    3596 |  18.2 |      34 |       4 |  10.5
   Shoals:3 |   15416 |   10770 |  41.1 |      25 |       3 |  10.7
   Shoals:4 |   12637 |   18146 |  58.9 |      24 |      31 |  56.4
   Spider:1 |    7437 |       0 |   0.0 |      28 |       0 |   0.0
   Spider:2 |   14319 |    2605 |  15.4 |      36 |       2 |   5.3
   Spider:3 |   23354 |       0 |   0.0 |      62 |       0 |   0.0
   Spider:4 |   14638 |   26365 |  64.3 |      38 |      39 |  50.6
      Orc:1 |    3660 |     888 |  19.5 |      21 |       1 |   4.5
      Orc:2 |    3045 |   17823 |  85.4 |      41 |      37 |  47.4
      Elf:1 |   21172 |    6946 |  24.7 |      31 |      11 |  26.2
      Elf:2 |   27562 |   32881 |  54.4 |      44 |      46 |  51.1
      Elf:3 |   19363 |   31420 |  61.9 |      31 |      21 |  40.4
   Vaults:1 |   13193 |   31915 |  70.8 |      21 |      25 |  54.3
   Vaults:2 |   13526 |   24855 |  64.8 |      29 |      22 |  43.1
   Vaults:3 |   54900 |   18266 |  25.0 |      80 |      20 |  20.0
   Vaults:4 |   27367 |   52166 |  65.6 |      34 |      69 |  67.0
   Vaults:5 |    4343 |   26592 |  86.0 |       4 |      19 |  82.6
   Depths:1 |   57995 |    2673 |   4.4 |      58 |       4 |   6.5
   Depths:2 |   32619 |    6605 |  16.8 |      39 |       6 |  13.3
   Depths:3 |   31972 |   31085 |  49.3 |      49 |      21 |  30.0
   Depths:4 |   46698 |   20933 |  31.0 |      46 |      20 |  30.3
   Depths:5 |   28863 |   40063 |  58.1 |      28 |      18 |  39.1
      Sewer |       0 |     151 | 100.0 |       0 |       8 | 100.0
      IceCv |       0 |    8855 | 100.0 |       0 |      51 | 100.0
 Desolation |       0 |   37334 | 100.0 |       0 |      72 | 100.0
            +---------+---------+-------+---------+---------+-------
